 Dungeon Crawl Stone Soup version 0.19-a0-1937-g70ed36a (webtiles) character file.

127 varam the Insei (level 4, -7/35 HPs)
             Began as a Demonspawn Monk on Oct 26, 2016.
             Killed by divine providence
             ... invoked by an orc priest
              (14 damage)
             ... on level 3 of the Dungeon.
             The game lasted 00:04:17 (2599 turns).

varam the Insei (Demonspawn Monk)                   Turns: 2599, Time: 00:04:18

Health: -7/35      AC: 10    Str: 12    XL:     4   Next: 85%
Magic:  4/4        EV: 12    Int: 11    God:
Gold:   69         SH:  0    Dex: 16    Spells: 0 memorised, 3 levels left

rFire  . . .     SeeInvis .       - Unarmed
rCold  . . .     Gourm    .     e - +0 leather armour
rNeg   . . .     Faith    .     (no shield)
rPois  .         Spirit   .     (no helmet)
rElec  .         Reflect  .     (no cloak)
rCorr  .         Harm     .     (no gloves)
MR     .....                    i - +0 pair of boots
Stlth  ++........               (no amulet)
                                (no ring)
                                (no ring)

@: sanguine armour, drained
A: powered by pain 2, sanguine armour 1
a: no special abilities


You were on level 3 of the Dungeon.
You were hungry.

You visited 1 branch of the dungeon, and saw 3 of its levels.

You collected 69 gold pieces.

Inventory:

Missiles
 c - 73 stones (quivered)
 u - 3 tomahawks
Armour
 a - a +0 robe
 e - a +0 leather armour (worn)
 i - a +0 pair of boots (worn)
Jewellery
 q - an uncursed ring of protection from cold {unknown}
Scrolls
 d - a scroll of enchant weapon {unknown}
 g - a scroll of blinking {unknown}
 j - 4 scrolls of identify {unknown}
 m - a scroll of teleportation {unknown}
 r - 2 scrolls of remove curse {unknown}
 s - a scroll of enchant armour {unknown}
Potions
 h - 2 potions of heal wounds {unknown}
 k - a potion of magic {unknown}
 l - a potion of degeneration {unknown}
 n - 2 potions of haste {unknown}
 o - a potion of cure mutation {unknown}
 p - a potion of curing {unknown}
Comestibles
 b - 2 bread rations
 f - a slice of pizza


   Skills:
 - Level 3.0(2.3) Fighting
 + Level 1.6(1.0) Armour
 - Level 2.6(2.0) Dodging
 - Level 1.7(1.1) Stealth
 + Level 4.6(3.9) Unarmed Combat


You had 3 spell levels left.
You didn't know any spells.

Dungeon Overview and Level Annotations

Branches:
Dungeon (3/15)

Altars:
Ashenzari


Innate Abilities, Weirdness & Mutations

You sometimes gain power by taking damage.
When seriously injured, your bleeding wounds create armour. (AC +6)


Message History

An orc priest and an orc wizard come into view.
The orc shouts!
The orc priest shouts!
The hobgoblin shouts!
The orc hits you but does no damage.
Found a dagger.
You see here a bread ration.
You barely miss the orc. The leopard gecko bites you. The orc hits you.
Your blood congeals into armour.
The orc wizard gestures wildly while chanting.
The orc wizard flickers and vanishes!
Deactivating autopickup; reactivate with Ctrl-A.
You hit the worm.
The worm is lightly wounded.
The leopard gecko bites you but does no damage.
The orc priest mumbles some strange prayers to Beogh against you.
Beogh smites you!
* * * LOW HITPOINT WARNING * * *
The leopard gecko barely misses you.
The orc priest calls down the wrath of Beogh upon you.
Beogh smites you!
You die...

#....## #.....#
#..)#.##########
#...._......)..#####
#...#.#..#..........
##............o.....
#..####....wo...... #..#
#....lo.....) #..#
#.(@.g....... .# #..#
#............
..######..#####...........
................##########
#..........######
#.........# #.........#
#.........# #.#..[....#


You could see a worm, an orc priest, 2 orcs, a leopard gecko and a hobgoblin.

Vanquished Creatures
  6 adders
  An ooze (D:3)
  A dart slug (D:2)
  2 leopard geckos (D:2)
  An orc (D:2)
  5 bats
  4 giant cockroaches
  5 goblins
  5 hobgoblins
  12 jackals
  8 kobolds
  3 ball pythons
  3 frilled lizards
  2 rats
58 creatures vanquished.

Notes
Turn   | Place    | Note
-------+----------+-------------------------------------------
     0 | D:1      | varam the Demonspawn Monk began the quest for the Orb.
     0 | D:1      | Reached XP level 1. HP: 18/18 MP: 1/1
    53 | D:1      | Reached skill level 3 in Unarmed Combat
   297 | D:1      | Gained mutation: When seriously injured, your bleeding wounds create armour. (AC +6) [demonic ancestry]
   297 | D:1      | Reached XP level 2. HP: 23/24 MP: 2/2
   652 | D:2      | Found a faded altar of an unknown god.
   673 | D:2      | Gained mutation: You sometimes gain a little power by taking damage. [demonic ancestry]
   673 | D:2      | Reached XP level 3. HP: 27/29 MP: 3/3
   830 | D:2      | Reached skill level 4 in Unarmed Combat
  1440 | D:2      | Reached skill level 1 in Armour
  1440 | D:2      | Gained mutation: You sometimes gain power by taking damage. [demonic ancestry]
  1440 | D:2      | Reached XP level 4. HP: 26/35 MP: 4/4
  2524 | D:3      | Found a shattered altar of Ashenzari.
  2599 | D:3      | Killed from afar by an orc priest

Vault maps used:
D:1:      dpeg_arrival_rooms_b
D:2:      ecumenical_altar_1
D:3:      ashenzari_altar_1, dancing_weapons_uskayaw

Skill      XL: |  1  2  3 |
---------------+----------+-----
Unarmed Combat | 3 4 |  4.6
Armour         | 1 |  1.6
Fighting       | |  3.0
Dodging        | |  2.6
Stealth        | |  1.7

Action                   |  1- 3 |  4- 6 || total
-------------------------+-------+-------++-------
Melee: Unarmed           |   128 |    98 ||   226
       Punch             |     1 |     1 ||     2
 Stab: Sleeping          |     1 |     1 ||     2
  Eat: Chunk             |     1 |     4 ||     5
Armor: Robe              |     7 |       ||     7
       Leather armour    |    24 |    29 ||    53
Dodge: Dodged            |    80 |    64 ||   144
